 Dungeon Crawl Stone Soup version 0.22.0-38-g04b72b8c25 (webtiles) character file.

14753 Drachen the Fighter (level 12, -3/85 HPs)
             Began as an Octopode Fighter on Aug 25, 2018.
             Was a Believer of Ru.
             Slain by a warg (6 damage)
             ... led by Saint Roka
             ... on level 2 of the Orcish Mines.
             The game lasted 00:46:54 (14630 turns).

Drachen the Fighter (Octopode Fighter)             Turns: 14630, Time: 00:46:55

Health: -3/85      AC:  1    Str: 20    XL:     12   Next: 19%
Magic:  18/18      EV: 28    Int: 11    God:    Ru [**....]
Gold:   1189       SH: 12    Dex: 21    Spells: 11/11 levels left

rFire    + . .     SeeInvis .   a - +3 long sword
rCold    . . .     Gourm    .   b - +0 shield
rNeg     . . .     Faith    .   (helmet restricted)
rPois    +         Spirit   .   f - amulet of rage
rElec    .         Reflect  .   m - +3 ring of evasion
rCorr    .         Harm     .   (no ring)
MR       .....                  y - ring of stealth
Stlth    ++++++....             (no ring)
HPRegen  0.24/turn              (no ring)
MPRegen  0.16/turn              (no ring)
                                (no ring)
                                (no ring)

@: mighty, agile, no scrolls, berserk cooldown, slowed, very slow
A: almost no armour, stealthy swim, amphibious, 8 rings, constrict 8, camouflage
1, fire resistance 1, poison resistance, gelatinous body 1, inability to read
while threatened, no poison magic, no summoning magic, no transmutations magic,
MP-powered wands
a: Sacrifice Experience, Sacrifice a Hand, Sacrifice Artifice, Reject
Sacrifices, Renounce Religion, Evoke Berserk Rage


You were on level 2 of the Orcish Mines.
You worshipped Ru.
Ru was pleased with you.
You were not hungry.

You visited 2 branches of the dungeon, and saw 11 of its levels.

You collected 1189 gold pieces.

Inventory:

Hand Weapons
 a - a +3 long sword (weapon)
Missiles
 l - 3 throwing nets (quivered)
 q - 14 tomahawks
Armour
 b - a +0 shield (worn)
Jewellery
 f - an amulet of rage (around mantle)
 m - a +3 ring of evasion (left tentacle)
 y - a ring of stealth (on tentacle)
Wands
 u - a wand of digging (13)
Scrolls
 h - 2 scrolls of magic mapping
 p - 2 scrolls of remove curse
 r - 2 scrolls of immolation
 w - a scroll of teleportation
 C - a scroll of fog
Potions
 c - 3 potions of brilliance
 g - 2 potions of flight
 k - 2 potions of might
 n - a potion of mutation
 s - a potion of magic
 x - a potion of ambrosia {unknown}
 A - 2 potions of degeneration
Comestibles
 d - 9 rations


   Skills:
 + Level 9.3 Fighting
 + Level 9.0 Long Blades
 + Level 9.2 Dodging
 - Level 5.3 Stealth
 + Level 9.1 Shields
 + Level 9.1 Evocations


You had 11 spell levels left.
You didn't know any spells.
Your spell library contained the following spells:

 Spells                   Type           Power        Failure   Level  Hunger
 Confusing Touch          Hex            #.....       58%         1    ##.....
 Confuse                  Hex            #.......     92%         3    ####...
 Gell's Gravitas          Tloc           #.........   92%         3    ####...
 Metabolic Englaciation   Hex/Ice        #.........   100%        5    ######.
 Petrify                  Tmut/Erth      Unusable     N/A         4    N/A
 Yara's Violent Unravell  Hex/Tmut       Unusable     N/A         5    N/A

Dungeon Overview and Level Annotations

Branches:
Dungeon (9/15)             Temple (0/1) D:7            Lair (0/6) D:9
    Orc (2/2) D:9             Elf (0/3) Orc:2

Altars:
Cheibriados
Gozag
Hepliaklqana
Okawaru
Qazlal
Ru
Trog
Uskayaw
Vehumet
Xom
Yredelemnul
Zin
The Shining One
Beogh

Shops:
Orc:2 (


Innate Abilities, Weirdness & Mutations

You cannot wear most types of armour.
You are very stealthy in the water. (Stealth+)
You are amphibious.
You can wear up to eight rings at the same time.
You can use your tentacles to constrict eight enemies at once.
Your skin changes colour to match your surroundings (Stealth+).
Your rubbery body absorbs attacks. (AC +1, EV +1)
You cannot read scrolls while threatened.
You cannot study or cast Poison magic.
You cannot study or cast Summoning magic.
You cannot study or cast Transmutations magic.
Your flesh is heat resistant. (rF+)
Your system is resistant to poisons. (rPois)
You expend magic power (3 MP) to strengthen your wands.


Message History

You block the warg's attack.
Evoke which item? (* to show all) (? for menu, Esc to quit)
Okay, then.
Okay, then.
It was a potion of agility.
You feel agile all of a sudden. You block the warg's attack.
The warg barely misses you.
You slash the warg!
The warg is moderately wounded.
You block the warg's attack. The warg barely misses you.
You riposte.
You slash the warg! You squeeze the warg!
You kill the warg!
The orc warrior throws a tomahawk.
The tomahawk hits you!!
* * * LOW HITPOINT WARNING * * *
Okay, then.
The orc warrior is stunned by your will and fails to attack.
You slash the warg! You squeeze the warg!
The warg is severely wounded.
You block the warg's attack. The warg bites you.
You die...

..o.. ..# ##(.#)#
#..(.# ##..o##
###...o######
#....oooo))o#
#.###+#####o# #.. #h#
... #@# .. #.# o......#
#.# .....#.# #.##
.......# #..## .....#.#
#...#
.......#########...#
#..................####
#..>....###........#..#


You could see a warg and 2 orc warriors.

Vanquished Creatures
  Saint Roka (Orc:2)
  The ghost of KamiKatze the Blocker, a journeyman VSFi of Uskayaw (Orc:2)
  Josephine (Orc:2)
  Harold (D:9)
  A two-headed ogre (D:8)
  2 orc knights
  An orc sorcerer (Orc:1)
  3 centaur zombies
  2 trolls
  Grinder (D:4)
  A hippogriff (D:7)
  A spriggan (D:7)
  A wyvern (D:8)
  5 wraiths (Orc:2)
  2 wargs
  2 porcupines (D:9)
  13 orc warriors
  4 ice beasts
  2 black bears
  3 sky beasts
  A phantom (D:7)
  An ogre (D:4)
  2 crocodiles (D:9)
  5 bullfrogs
  A wyvern skeleton (D:7)
  A scorpion (D:9)
  11 killer bees
  2 howler monkeys (D:9)
  4 crimson imps
  A jelly (D:6)
  7 hounds
  9 orc priests
  9 orc wizards
  A bullfrog skeleton (D:5)
  Natasha (thrice) (D:4)
  2 iguanas
  6 worker ants
  A killer bee zombie (D:9)
  A hound zombie (D:5)
  2 hound skeletons
  A mummy (D:8)
  A worker ant zombie (D:7)
  10 adders
  4 shadow imps
  2 adder skeletons (D:7)
  2 worms
  2 dart slugs
  4 leopard geckos
  38 orcs
  5 giant cockroaches
  10 goblins
  2 hobgoblins
  8 jackals
  6 quokkas
  7 bats
  5 frilled lizards
  A hobgoblin zombie (D:8)
  16 kobolds
  2 kobold zombies (D:8)
  An orc zombie (D:8)
  2 quokka skeletons
  8 rats
255 creatures vanquished.

Vanquished Creatures (collateral kills)
  A warg (Orc:1)
  4 orc warriors
  2 ogres (Orc:1)
  A big kobold (D:8)
  An orc priest (Orc:1)
  An orc wizard (Orc:1)
  4 orcs
14 creatures vanquished.

Vanquished Creatures (others)
  An orc warrior (Orc:1)
  A bullfrog (D:9)
  An orc priest (Orc:2)
  An orc wizard (D:8)
  An orc (Orc:1)
  6 fungi (D:9)
  3 plants (D:9)
14 creatures vanquished.

Grand Total: 283 creatures vanquished

Notes
Turn   | Place    | Note
-------+----------+-------------------------------------------
     0 | D:1      | Drachen the Octopode Fighter began the quest for the Orb.
     0 | D:1      | Reached XP level 1. HP: 16/16 MP: 1/1
   103 | D:1      | Reached XP level 2. HP: 14/21 MP: 2/2
   791 | D:1      | Reached XP level 3. HP: 26/26 MP: 3/3
  1082 | D:2      | Reached skill level 1 in Stealth
  1241 | D:2      | Found a hide-covered altar of Uskayaw.
  1244 | D:2      | Found a basalt altar of Yredelemnul.
  1655 | D:2      | Reached XP level 4. HP: 30/31 MP: 4/4
  1742 | D:2      | Found a bloodstained altar of Trog.
  2066 | D:3      | Found a sacrificial altar of Ru.
  2106 | D:3      | Became a worshipper of Ru the Awakened
  3022 | D:4      | Noticed an ogre
  3032 | D:4      | Reached XP level 5. HP: 32/37 MP: 5/5
  3041 | D:4      | Killed an ogre
  3041 | D:4      | Reached skill level 1 in Evocations
  3168 | D:4      | Noticed a sky beast
  3179 | D:4      | HP: 1/37 [something (6)]
  3193 | D:4      | Killed a sky beast
  3193 | D:4      | Reached XP level 6. HP: 14/43 MP: 5/7
  3440 | D:4      | Noticed Natasha
  3446 | D:4      | Killed Natasha
  3453 | D:4      | Noticed Grinder
  3461 | D:4      | Killed Grinder
  3461 | D:4      | Reached XP level 7. HP: 29/49 MP: 8/8
  3818 | D:4      | Found a glowing silver altar of Zin.
  3962 | D:4      | Noticed Natasha
  3967 | D:4      | Killed Natasha
  4024 | D:4      | Gained mutation: You cannot study or cast Poison magic. [Ru sacrifice]
  4024 | D:4      | Gained mutation: You cannot study or cast Transmutations magic. [Ru sacrifice]
  4024 | D:4      | Gained mutation: You cannot study or cast Summoning magic. [Ru sacrifice]
  4024 | D:4      | Reached * piety under Ru
  4288 | D:4      | Noticed Natasha
  4292 | D:4      | Killed Natasha
  4300 | D:5      | Entered Level 5 of the Dungeon
  4638 | D:5      | Found a stormy altar of Qazlal.
  5199 | D:5      | Found a shimmering altar of Xom.
  5207 | D:5      | Reached skill level 5 in Fighting
  5207 | D:5      | Reached XP level 8. HP: 55/55 MP: 10/10
  5461 | D:5      | Reached skill level 5 in Dodging
  5578 | D:6      | Found a radiant altar of Vehumet.
  6070 | D:6      | Reached skill level 5 in Shields
  6162 | D:6      | Reached skill level 5 in Long Blades
  6309 | D:6      | Found a snail-covered altar of Cheibriados.
  6480 | D:7      | Found a staircase to the Ecumenical Temple.
  6523 | D:7      | Noticed a spriggan baker
  6529 | D:7      | Killed a spriggan baker
  6529 | D:7      | Reached XP level 9. HP: 20/62 MP: 12/12
  7149 | D:7      | Found a hazy altar of Hepliaklqana.
  7243 | D:7      | Reached skill level 5 in Evocations
  7524 | D:7      | Gained mutation: Scrolls take you a little longer to read. [potion of mutation]
  7524 | D:7      | Gained mutation: You are clumsy. (Dex -2) [potion of mutation]
  7524 | D:7      | Gained mutation: Your system is resistant to poisons. (rPois) [potion of mutation]
  7525 | D:7      | Lost mutation: Scrolls take you a little longer to read. [potion of mutation]
  7525 | D:7      | Lost mutation: You are clumsy. (Dex -2) [potion of mutation]
  7525 | D:7      | Gained mutation: Your flesh is heat resistant. (rF+) [potion of mutation]
  7525 | D:7      | Gained mutation: You expend magic power (3 MP) to strengthen your wands. [potion of mutation]
  8135 | D:8      | Reached skill level 5 in Stealth
  8864 | D:8      | Found an iron altar of Okawaru.
  8879 | D:8      | Noticed a two-headed ogre
  9257 | D:8      | Killed a two-headed ogre
  9257 | D:8      | Reached XP level 10. HP: 69/69 MP: 7/14
  9556 | D:8      | Found an opulent altar of Gozag.
 10060 | D:9      | Found a staircase to the Orcish Mines.
 10414 | D:9      | HP: 3/71 [something (3)]
 10417 | D:9      | HP: 1/71 [something/puff of flame (7)]
 11071 | D:9      | Gained mutation: You cannot read scrolls while threatened. [Ru sacrifice]
 11071 | D:9      | Reached ** piety under Ru
 11295 | D:9      | Found a staircase to the Lair.
 11459 | D:9      | Found a glowing golden altar of the Shining One.
 11595 | D:9      | Noticed Harold
 11771 | D:9      | Killed Harold
 12101 | Orc:1    | Entered Level 1 of the Orcish Mines
 12128 | Orc:1    | Noticed an orc knight
 12148 | Orc:1    | Reached XP level 11. HP: 70/77 MP: 9/16
 12182 | Orc:1    | Killed an orc knight
 12517 | Orc:1    | Noticed an orc sorcerer
 12520 | Orc:1    | Noticed a sun demon
 12526 | Orc:1    | Killed an orc sorcerer
 13153 | Orc:2    | Entered Level 2 of the Orcish Mines
 13153 | Orc:2    | Noticed Josephine
 13410 | Orc:2    | Noticed an orc knight
 13436 | Orc:2    | Killed an orc knight
 13753 | Orc:2    | Killed Josephine
 13874 | Orc:2    | Found a staircase to the Elven Halls.
 14150 | Orc:2    | Found a roughly hewn altar of Beogh.
 14167 | Orc:2    | Found Dorurr's Weapon Boutique.
 14493 | Orc:2    | Found a runed door.
 14493 | Orc:2    | Noticed KamiKatze's ghost (journeyman VSFi)
 14514 | Orc:2    | Killed KamiKatze's ghost
 14553 | Orc:2    | Noticed Saint Roka
 14624 | Orc:2    | Killed Saint Roka
 14624 | Orc:2    | Reached XP level 12. HP: 21/85 MP: 18/18
 14628 | Orc:2    | HP: 2/85 [orc warrior/tomahawk[Saint Roka] (21)]
 14630 | Orc:2    | Slain by a warg

Skill      XL: |  1  2  3  4  5  6  7  8  9 10 11 |
---------------+----------------------------------+-----
Stealth        | 2 3 5 |  5.3
Long Blades    | 3 4 5 6 7 9 |  9.0
Fighting       | 4 5 6 7 9 |  9.3
Evocations     | 1 2 3 4 6 7 9 |  9.1
Dodging        | 4 5 6 7 9 |  9.2
Shields        | 4 5 6 7 9 |  9.1

Action                   |  1- 3 |  4- 6 |  7- 9 | 10-12 || total
-------------------------+-------+-------+-------+-------++-------
Melee: Long sword        |    63 |    72 |   281 |   307 ||   723
       Constrict         |    16 |    18 |    69 |    48 ||   151
       Tentacles         |    11 |    14 |    63 |    92 ||   180
Throw: Tomahawk          |       |       |     8 |    39 ||    47
       Throwing net      |       |       |       |     4 ||     4
Invok: Sacrifice Arcana  |       |       |     1 |       ||     1
       Sacrifice Words   |       |       |       |     1 ||     1
 Abil: Evoke Berserk Rag |       |     1 |       |    11 ||    12
Evoke: Wand              |       |       |     5 |    13 ||    18
  Use: Potion            |       |     4 |     4 |     5 ||    13
       Scroll            |       |     2 |    10 |     6 ||    18
 Stab: Sleeping          |     7 |     6 |    15 |     5 ||    33
       Distracted        |       |       |       |     1 ||     1
       Held in net/web   |       |       |       |     1 ||     1
  Eat: Chunk             |     2 |     5 |    13 |    13 ||    33
       Ration            |       |       |     2 |     5 ||     7
Armor: Skin              |     3 |     4 |     8 |     5 ||    20
Dodge: Dodged            |    22 |    42 |   176 |   167 ||   407
Block: Shield            |    27 |    31 |   160 |   163 ||   381
       Rpst.: Long sword |     6 |    11 |    52 |    47 ||   116
